 Dungeon Crawl Stone Soup version 0.25-a0-521-gb5d5f98535 (webtiles) character file.

Game seed: 6489500035949852618, levelgen mode: deterministic

48 Emblim88 the Skirmisher (level 3, -1/33 HPs)
             Began as a Hill Orc Abyssal Knight on Feb 18, 2020.
             Was a Believer of Lugonu.
             Slain by Sigmund
             ... wielding a +0 scythe
              (3 damage)
             ... on level 2 of the Dungeon.
             The game lasted 00:01:40 (1054 turns).

Emblim88 the Skirmisher (Hill Orc Abyssal Knight)   Turns: 1054, Time: 00:01:40

Health: -1/33      AC:  8    Str: 17    XL:     3   Next: 72%
Magic:  5/5        EV: 11    Int: 12    God:    Lugonu [**....]
Gold:   126        SH:  0    Dex: 10    Spells: 2/2 levels left

rFire    . . .     SeeInvis .   a - +1 hand axe
rCold    . . .     Gourm    .   (no shield)
rNeg     . . .     Faith    .   i - +0 ring mail
rPois    .         Spirit   .   (no helmet)
rElec    .         Reflect  .   (no cloak)
rCorr    .         Harm     .   (no gloves)
MR       .....                  (no boots)
Stlth    ..........             g - amulet of magic regeneration
HPRegen  0.11/turn              h - +3 ring of protection
MPRegen  0.34/turn              (no ring)

@: no status effects
A: strong 1, subdued magic 1
a: Depart the Abyss, Bend Space, Renounce Religion


You were on level 2 of the Dungeon.
You worshipped Lugonu.
Lugonu was pleased with you.
You were hungry.

You visited 1 branch of the dungeon, and saw 2 of its levels.
You visited the Abyss 1 time.

You collected 126 gold pieces.

Inventory:

Hand Weapons
 a - a +1 hand axe (weapon)
Missiles
 e - 22 stones (quivered)
Armour
 b - a +0 leather armour
 i - a +0 ring mail (worn)
Jewellery
 g - an amulet of magic regeneration (around neck)
 h - a +3 ring of protection (left hand)
Comestibles
 c - 2 rations


   Skills:
 + Level 4.0 Fighting
 + Level 3.3 Axes
 + Level 2.8 Armour
 + Level 1.3 Dodging
 + Level 3.1 Invocations


You had 2 spell levels left.
You didn't know any spells.
Your spell library was empty.

Dungeon Overview and Level Annotations

Branches:
Dungeon (2/15)

Altars:

Annotations:
D:2 Sigmund


Innate Abilities, Weirdness & Mutations

Your muscles are strong. (Str +2)
Your spells are a little easier to cast, but a little less powerful.


Message History

You hit Sigmund.
Sigmund is moderately wounded.
You hit the quokka.
Sigmund zaps a wand.
The puff of flame hits you but does no damage.
The quokka barely misses you.
You barely miss Sigmund.
Sigmund is moderately wounded.
You hit the quokka.
You kill the quokka!
Lugonu accepts your kill. Sigmund misses you.
You closely miss Sigmund.
Sigmund is moderately wounded.
Sigmund hits you but does no damage.
You hit Sigmund.
Sigmund is moderately wounded.
You slash Sigmund!
Sigmund is severely wounded.
Sigmund hits you with a +0 scythe.
You die...

.......#..######....
...........### ....
.....#†......## ...
.........(....## #
..#####........###..
####.#........
#........#
###.#....# #^@!....#
#..@....# #.......#
#.......# #.......#
#.......# #.........
##########


You could see Sigmund.

Vanquished Creatures
  2 oozes (D:1)
  A dart slug (D:1)
  A leopard gecko (D:1)
  4 giant cockroaches (D:1)
  5 goblins
  2 hobgoblins (D:1)
  4 kobolds
  A quokka (D:2)
  6 bats
  3 frilled lizards (D:1)
  6 rats
35 creatures vanquished.

Notes
Turn   | Place    | Note
-------+----------+-------------------------------------------
     0 | Abyss:1  | Emblim88 the Hill Orc Abyssal Knight began the quest for
                  | the Orb.
     0 | Abyss:1  | Reached XP level 1. HP: 19/19 MP: 2/2
    35 | D:1      | Escaped the Abyss
   241 | D:1      | Reached skill level 1 in Dodging
   241 | D:1      | Reached XP level 2. HP: 24/27 MP: 3/3
   360 | D:1      | Reached XP level 3. HP: 31/33 MP: 5/5
   370 | D:1      | Reached ** piety under Lugonu
   632 | D:1      | Reached skill level 4 in Fighting
  1037 | D:2      | Noticed Sigmund
  1044 | D:2      | Gained mutation: Your spells are a little easier to cast,
                  | but a little less powerful. [potion of mutation]
  1044 | D:2      | Gained mutation: Your muscles are strong. (Str +2) [potion
                  | of mutation]
  1044 | D:2      | Gained mutation: Your magical capacity is low. (-10% MP)
                  | [potion of mutation]
  1044 | D:2      | Lost mutation: Your magical capacity is low. (-10% MP)
                  | [potion of mutation]
  1048 | D:2      | HP: 1/33 [Sigmund/puff of flame (8)]
  1054 | D:2      | Slain by Sigmund

Levels and vault maps discovered:
D:1:      nicolae_arrival_somewhat_less_tricky_arrival, layout_basic,
          wad_floor_pattern_1, minmay_unequal
D:2:      layout_rooms, minmay_misc_feat_more_columns, minmay_fractal_squares_5,
          uniq_sigmund

Skill      XL: |  1  2  3 |
---------------+----------+-----
Dodging        | 1 |  1.3
Axes           | 3 |  3.3
Invocations    | 3 |  3.1
Fighting       | 4 |  4.0
Armour         | |  2.8

Action                   || total
-------------------------++-------
Melee: Hand axe          ||   107
  Use: Potion            ||     1
Armor: Leather armour    ||    35
       Ring mail         ||     8
Dodge: Dodged            ||    79

Table legend:
 A = Non-vault XP
 B = Vault XP
 C = Vault XP percentage of total XP
 D = Non-vault monster count
 E = Vault monster count
 F = Vault count percentage of total count
                 A         B        C        D         E       F
            +---------+---------+-------+---------+---------+-------
      Total |      61 |       8 |  11.6 |      31 |       4 |  11.4
            +---------+---------+-------+---------+---------+-------
        D:1 |      50 |       8 |  13.8 |      23 |       4 |  14.8
        D:2 |      11 |       0 |   0.0 |       8 |       0 |   0.0
            +---------+---------+-------+---------+---------+-------
